BSA
IRVINE GANG GREEN @ BOSTON REBELS
04/27/2028
 
TOP OF THE 1ST
Irvine Gang Green batting - Pitching for Boston Rebels : RHP John Foster
Pitching: RHP John Foster
Batting: RHB Tom Doherty 0-0: Ground out 4-3 (Groundball, 4S)
Batting: RHB Buck Jones 0-0: Ball
1-0: Called Strike
1-1: Ball
2-1: Swinging Strike
2-2: Ball
3-2: Strikes out swinging
Batting: LHB José Sánchez 0-0: Fly out, F7 (Flyball, 7S)
Top of the 1st over - 0 run(s), 0 hit(s), 0 error(s), 0 left on base; Irvine 0 - Boston 0
BOTTOM OF THE 1ST
Boston Rebels batting - Pitching for Irvine Gang Green : RHP Takehide Ono
Pitching: RHP Takehide Ono
Batting: RHB George Reeves 0-0: Called Strike
0-1: Ball
1-1: SINGLE (Groundball, 34D)
Batting: LHB Bill Wilson 0-0: Ball
1-0: Ground out 4-3 (Groundball, 34D)
George Reeves to second
Batting: LHB Lorenzo Flores 0-0: Ball
1-0: Foul Ball, location: 2F
1-1: Ball
2-1: Foul Ball, location: 2F
2-2: Strikes out swinging
Batting: LHB Miguel Rivería 0-0: Foul Ball, location: 2F
0-1: Swinging Strike
0-2: Ground out 4-3 (Groundball, 4)
Bottom of the 1st over - 0 run(s), 1 hit(s), 0 error(s), 1 left on base; Irvine 0 - Boston 0
TOP OF THE 2ND
Irvine Gang Green batting - Pitching for Boston Rebels : RHP John Foster
Batting: RHB Eichiro Yamamoto 0-0: Ball
1-0: Called Strike
1-1: SINGLE (Groundball, 34D)
Batting: LHB Víctor Quiñones 0-0: Called Strike
0-1: Swinging Strike
0-2: Ball
1-2: Foul Ball, location: 2F
1-2: Fly out, F9 (Flyball, 89S)
Batting: RHB José Salazar 0-0: Called Strike
0-1: Ball
1-1: Foul Ball, location: 2F
1-2: Ball
2-2: Grounds into double play, 6-4-3 (Groundball, 6)
Top of the 2nd over - 0 run(s), 1 hit(s), 0 error(s), 0 left on base; Irvine 0 - Boston 0
BOTTOM OF THE 2ND
Boston Rebels batting - Pitching for Irvine Gang Green : RHP Takehide Ono
Batting: RHB John Mendelson 0-0: Ball
1-0: Called Strike
1-1: Foul Ball, location: 2F
1-2: Ball
2-2: Foul Ball, location: 2F
2-2: Foul Ball, location: 2F
2-2: SINGLE (Groundball, 6MD)
Batting: LHB Felipe Guerrero 0-0: Called Strike
0-1: Foul Ball, location: 2F
0-2: Ball
1-2: Ball
2-2: Foul Ball, location: 2F
2-2: Ball
3-2: Foul Ball, location: 2F
3-2: Base on Balls
John Mendelson to second
Batting: LHB Arturo Molina 0-0: Ball
1-0: Ball
2-0: Ball
3-0: Base on Balls
John Mendelson to third
Felipe Guerrero to second
Batting: RHB Alberto Ramos 0-0: Ball
1-0: Ball
2-0: Ball
3-0: Base on Balls
John Mendelson scores
Felipe Guerrero to third
Arturo Molina to second
Batting: RHB Aaron Washington 0-0: Fly out, F8 (Flyball, 8RM)
Batting: RHB George Reeves 0-0: Called Strike
0-1: Foul Ball, location: 2F
0-2: Ball
1-2: Strikes out swinging
Batting: LHB Bill Wilson 0-0: Foul Ball, location: 2F
0-1: Swinging Strike
0-2: Foul Ball, location: 2F
0-2: Strikes out swinging
Bottom of the 2nd over - 1 run(s), 1 hit(s), 0 error(s), 3 left on base; Irvine 0 - Boston 1
TOP OF THE 3RD
Irvine Gang Green batting - Pitching for Boston Rebels : RHP John Foster
Batting: LHB Jorge Martínez 0-0: Ball
1-0: Swinging Strike
1-1: Ball
2-1: Single, Error in OF, E9, batter to second base
Batting: RHB Aaron Wilson 0-0: Ball
1-0: Called Strike
1-1: Foul Ball, location: 2F
1-2: Strikes out looking
Batting: LHB Tony Tavárez 0-0: Ball
1-0: Foul Ball, location: 2F
1-1: Ball
2-1: Ball
3-1: Called Strike
3-2: Strikes out swinging
Batting: RHB Tom Doherty 0-0: Ball
1-0: Called Strike
1-1: Fly out, F7 (Flyball, 7)
Top of the 3rd over - 0 run(s), 1 hit(s), 1 error(s), 1 left on base; Irvine 0 - Boston 1
BOTTOM OF THE 3RD
Boston Rebels batting - Pitching for Irvine Gang Green : RHP Takehide Ono
Batting: LHB Lorenzo Flores 0-0: Fly out, F7 (Flyball, 7D)
Batting: LHB Miguel Rivería 0-0: Foul Ball, location: 2F
0-1: Swinging Strike
0-2: Ball
1-2: Ball
2-2: SINGLE (Flyball, 9S)
Batting: RHB John Mendelson 0-0: Called Strike
0-1: Ball
1-1: Foul Ball, location: 2F
1-2: Foul Ball, location: 2F
1-2: Foul Ball, location: 2F
1-2: Ball
2-2: Ball
3-2: Base on Balls
Miguel Rivería to second
Batting: LHB Felipe Guerrero 0-0: Foul Ball, location: 2F
0-1: SINGLE (Flyball, 7S)
Miguel Rivería to third
John Mendelson to second
Runner from 3rd tries for Home, SAFE, throw made home
John Mendelson to third
Felipe Guerrero to second
Batting: LHB Arturo Molina 0-0: Ball
1-0: 3-RUN HOME RUN (Flyball, 8LXD), Distance : 407 ft
Pitching: LHP Millard Curtis
Batting: RHB Alberto Ramos 0-0: Ball
1-0: Ground out 6-3 (Groundball, 6)
Batting: RHB Aaron Washington 0-0: Called Strike
0-1: Ball
1-1: Swinging Strike
1-2: Ball
2-2: Ball
3-2: Foul Ball, location: 2F
3-2: Strikes out swinging
Bottom of the 3rd over - 4 run(s), 3 hit(s), 0 error(s), 0 left on base; Irvine 0 - Boston 5
TOP OF THE 4TH
Irvine Gang Green batting - Pitching for Boston Rebels : RHP John Foster
Batting: RHB Buck Jones 0-0: Ball
1-0: Foul Ball, location: 2F
1-1: Called Strike
1-2: Fly out, F9 (Flyball, 9LM)
Batting: LHB José Sánchez 0-0: Ball
1-0: Fly out, F8 (Flyball, 8RM)
Batting: RHB Eichiro Yamamoto 0-0: Called Strike
0-1: Ball
1-1: Called Strike
1-2: Foul Ball, location: 2F
1-2: Foul Ball, location: 2F
1-2: Ball
2-2: Strikes out swinging
Top of the 4th over - 0 run(s), 0 hit(s), 0 error(s), 0 left on base; Irvine 0 - Boston 5
BOTTOM OF THE 4TH
Boston Rebels batting - Pitching for Irvine Gang Green : LHP Millard Curtis
Batting: RHB George Reeves 0-0: Ball
1-0: Called Strike
1-1: Swinging Strike
1-2: Ball
2-2: Foul Ball, location: 2F
2-2: DOUBLE (Line Drive, 9D)
Batting: LHB Bill Wilson 0-0: Foul Ball, location: 2F
0-1: Called Strike
0-2: Hit by Pitch
Batting: LHB Lorenzo Flores 0-0: Ball
1-0: Ball
2-0: Foul Ball, location: 2F
2-1: Swinging Strike
2-2: Ball
3-2: SINGLE (Groundball, 3D)
George Reeves to third
Bill Wilson to second
Runner from 3rd tries for Home, SAFE, no throw
Batting: LHB Miguel Rivería 0-0: Foul Ball, location: 2F
0-1: Ball
1-1: Fielders Choice at 2nd, 3-6 (Groundball, 34)
Bill Wilson to third
Batting: RHB John Mendelson 0-0: Called Strike
0-1: Ball
1-1: Swinging Strike
1-2: Strikes out looking
Batting: LHB Felipe Guerrero 0-0: Ball
1-0: Swinging Strike
1-1: Ball
2-1: Foul Ball, location: 2F
2-2: Fielders Choice at 2nd, 6-4 (Groundball, 6)
Bottom of the 4th over - 1 run(s), 2 hit(s), 0 error(s), 1 left on base; Irvine 0 - Boston 6
TOP OF THE 5TH
Irvine Gang Green batting - Pitching for Boston Rebels : RHP John Foster
Batting: LHB Víctor Quiñones 0-0: Ball
1-0: Called Strike
1-1: Called Strike
1-2: SINGLE (Flyball, 8RS)
Batting: RHB José Salazar 0-0: Ball
1-0: Grounds into double play, 6-4-3 (Groundball, 6)
Batting: LHB Jorge Martínez 0-0: Called Strike
0-1: Foul Ball, location: 2F
0-2: Ball
1-2: Ball
2-2: Ball
3-2: Foul Ball, location: 2F
3-2: Base on Balls
Batting: RHB Aaron Wilson 0-0: Foul Ball, location: 2F
0-1: Ball
1-1: SINGLE (Groundball, 4D)
Jorge Martínez to second
Runner from 2nd tries for 3rd, SAFE, throw made to third
Aaron Wilson to second
Batting: LHB Tony Tavárez 0-0: Ball
1-0: Ground out 3-1 (Groundball, 34)
Top of the 5th over - 0 run(s), 2 hit(s), 0 error(s), 2 left on base; Irvine 0 - Boston 6
BOTTOM OF THE 5TH
Boston Rebels batting - Pitching for Irvine Gang Green : LHP Millard Curtis
Batting: LHB Arturo Molina 0-0: Ball
1-0: Ball
2-0: Called Strike
2-1: Ball
3-1: Called Strike
3-2: Foul Ball, location: 2F
3-2: Strikes out looking
Batting: RHB Alberto Ramos 0-0: Ball
1-0: Ball
2-0: Ball
3-0: Base on Balls
Batting: RHB Aaron Washington 0-0: Swinging Strike
0-1: Ball
1-1: Ground out 5-3 (Groundball, 56S)
Alberto Ramos to second
Batting: RHB George Reeves 0-0: Ball
1-0: Called Strike
1-1: Ball
2-1: Ball
3-1: Base on Balls
Batting: LHB Bill Wilson 0-0: Ball
1-0: Fly out, F8 (Flyball, 8RS)
Bottom of the 5th over - 0 run(s), 0 hit(s), 0 error(s), 2 left on base; Irvine 0 - Boston 6
TOP OF THE 6TH
Irvine Gang Green batting - Pitching for Boston Rebels : RHP John Foster
Batting: RHB Tom Doherty 0-0: Ground out 6-3 (Groundball, 6M)
Batting: RHB Buck Jones 0-0: Called Strike
0-1: Ball
1-1: Ball
2-1: Ball
3-1: Base on Balls
Batting: LHB José Sánchez 0-0: Ball
1-0: Ball
2-0: Swinging Strike
2-1: SINGLE (Line Drive, 4MD)
Buck Jones to second
Batting: RHB Eichiro Yamamoto 0-0: Ball
1-0: Swinging Strike
1-1: SINGLE (Groundball, 4) (infield hit)
Buck Jones to third
José Sánchez to second
Batting: LHB Víctor Quiñones 0-0: Swinging Strike
0-1: Foul Ball, location: 2F
0-2: Ball
1-2: Ball
2-2: Ball
3-2: SINGLE (Flyball, 9S)
Buck Jones scores
José Sánchez to third
Eichiro Yamamoto to second
Runner from 3rd tries for Home, SAFE, no throw
Batting: RHB José Salazar 0-0: Ball
1-0: Called Strike
1-1: Ball
2-1: Foul Ball, location: 2F
2-2: Ball
3-2: SINGLE (Groundball, 6MD)
Eichiro Yamamoto to third
Víctor Quiñones to second
Eichiro Yamamoto scores
Víctor Quiñones to third
Batting: LHB Jorge Martínez 0-0: Ball
1-0: Called Strike
1-1: Foul Ball, location: 2F
1-2: Ball
2-2: Fly out, F8 (Flyball, 8LD)
Runner from 3rd tags up, SCORES, no throw
Batting: RHB Aaron Wilson 0-0: Swinging Strike
0-1: Ball
1-1: Fly out, F5 (Popup, 56S)
Top of the 6th over - 4 run(s), 4 hit(s), 0 error(s), 1 left on base; Irvine 4 - Boston 6
BOTTOM OF THE 6TH
Boston Rebels batting - Pitching for Irvine Gang Green : LHP Millard Curtis
Batting: LHB Lorenzo Flores 0-0: Foul Ball, location: 2F
0-1: Ball
1-1: Ball
2-1: Ball
3-1: Ground out 3-1 (Groundball, 34)
Batting: LHB Miguel Rivería 0-0: Ball
1-0: Ball
2-0: SINGLE (Groundball, 4MD)
Batting: RHB John Mendelson 0-0: Called Strike
0-1: Ball
1-1: Ball
2-1: Swinging Strike
2-2: Foul Ball, location: 2F
2-2: Ball
3-2: Foul Ball, location: 2F
3-2: Base on Balls
Miguel Rivería to second
Batting: LHB Felipe Guerrero 0-0: Called Strike
0-1: Ball
1-1: Swinging Strike
1-2: Foul Ball, location: 2F
1-2: Ball
2-2: Foul Ball, location: 2F
2-2: Foul Ball, location: 2F
2-2: Ball
3-2: Foul Ball, location: 2F
3-2: Strikes out swinging
Batting: LHB Arturo Molina 0-0: Ball
1-0: Ground out 5-3 (Groundball, 56S)
Bottom of the 6th over - 0 run(s), 1 hit(s), 0 error(s), 2 left on base; Irvine 4 - Boston 6
TOP OF THE 7TH
Irvine Gang Green batting - Pitching for Boston Rebels : RHP John Foster
Pitching: LHP Joseph Byrne
Batting: LHB Tony Tavárez 0-0: Called Strike
0-1: Called Strike
0-2: SINGLE (Line Drive, 56D)
Batting: RHB Tom Doherty 0-0: Sac Bunt - play at first, batter OUT! 1-3
Tony Tavárez to second
Batting: RHB Buck Jones 0-0: Ground out 4-3 (Groundball, 4)
Tony Tavárez to third
Batting: LHB José Sánchez 0-0: SINGLE (Groundball, P) (infield hit)
Tony Tavárez scores
Batting: RHB Eichiro Yamamoto 0-0: Foul Ball, location: 2F
0-1: SINGLE (Groundball, 56D)
José Sánchez to second
Runner from 2nd tries for 3rd, SAFE, throw made to third
Batting: LHB Víctor Quiñones 0-0: DOUBLE (Line Drive, 78D)
José Sánchez scores
Eichiro Yamamoto to third
Runner from 3rd tries for Home, SAFE, no throw
Pitching: RHP Ki-tong Shiu
Batting: RHB José Salazar 0-0: Ground out 5-3 (Groundball, 56)
Top of the 7th over - 3 run(s), 4 hit(s), 0 error(s), 1 left on base; Irvine 7 - Boston 6
BOTTOM OF THE 7TH
Boston Rebels batting - Pitching for Irvine Gang Green : LHP Millard Curtis
Pitching: RHP Raúl Saltines
Batting: RHB Alberto Ramos 0-0: Called Strike
0-1: Swinging Strike
0-2: Ball
1-2: Ball
2-2: Strikes out swinging
Batting: RHB Aaron Washington 0-0: Ball
1-0: Foul Ball, location: 2F
1-1: Swinging Strike
1-2: Ball
2-2: Strikes out swinging
Batting: RHB George Reeves 0-0: Swinging Strike
0-1: DOUBLE (Groundball, 5L)
Pitching: LHP Yu-shu Kong
Pinch Hitting: RHB Pedro Rodríguez 0-0: Ball
1-0: Ball
2-0: Foul Ball, location: 2F
2-1: Foul Ball, location: 2F
2-2: Foul Ball, location: 2F
2-2: Foul Ball, location: 2F
2-2: Ground out 1-3 (Groundball, 15)
Bottom of the 7th over - 0 run(s), 1 hit(s), 0 error(s), 1 left on base; Irvine 7 - Boston 6
TOP OF THE 8TH
Irvine Gang Green batting - Pitching for Boston Rebels : RHP Ki-tong Shiu
Now in LF: Frank Jackson
Batting: LHB Jorge Martínez 0-0: Foul Ball, location: 2F
0-1: Foul Ball, location: 2F
0-2: Ball
1-2: Ball
2-2: Foul Ball, location: 2F
2-2: Ball
3-2: SINGLE (Groundball, 34S) (infield hit)
Batting: RHB Aaron Wilson 0-0: Sac Bunt - play at first, batter OUT! 1-4
Jorge Martínez to second
Batting: LHB Tony Tavárez 0-0: Ball
1-0: Ball
Passed Ball!
Jorge Martínez to third
2-0: DOUBLE (Line Drive, 89D)
Jorge Martínez scores
Batting: RHB Tom Doherty 0-0: Ball
1-0: Foul Ball, location: 2F
1-1: Ball
2-1: DOUBLE (Line Drive, 7LM)
Tony Tavárez scores
Batting: RHB Buck Jones 0-0: Intentional Walk
Pitching: RHP Fernando Silva
Batting: LHB José Sánchez 0-0: Called Strike
0-1: Fly out, F8 (Flyball, 8RM)
Batting: RHB Eichiro Yamamoto 0-0: Ball
1-0: Called Strike
1-1: Foul Ball, location: 2F
1-2: Ground out 1-3 (Groundball, 13S)
Top of the 8th over - 2 run(s), 3 hit(s), 0 error(s), 2 left on base; Irvine 9 - Boston 6
BOTTOM OF THE 8TH
Boston Rebels batting - Pitching for Irvine Gang Green : LHP Yu-shu Kong
Batting: LHB Lorenzo Flores 0-0: Called Strike
0-1: Fly out, F7 (Flyball, 78D)
Pitching: LHP Santiago González
Batting: LHB Miguel Rivería 0-0: Foul Ball, location: 2F
0-1: Called Strike
0-2: Strikes out looking
Batting: RHB John Mendelson 0-0: Called Strike
0-1: Foul Ball, location: 2F
0-2: Strikes out swinging
Bottom of the 8th over - 0 run(s), 0 hit(s), 0 error(s), 0 left on base; Irvine 9 - Boston 6
TOP OF THE 9TH
Irvine Gang Green batting - Pitching for Boston Rebels : RHP Fernando Silva
Batting: LHB Víctor Quiñones 0-0: Ball
1-0: Ball
2-0: Ball
3-0: Base on Balls
Batting: RHB José Salazar 0-0: Swinging Strike
0-1: Foul Ball, location: 2F
0-2: Ball
1-2: Ball
2-2: Foul Ball, location: 2F
2-2: Ball
3-2: Foul Ball, location: 2F
3-2: SINGLE (Line Drive, 56)
Víctor Quiñones to second
Batting: LHB Jorge Martínez 0-0: Ball
1-0: Ball
2-0: SINGLE (Line Drive, 7S)
Víctor Quiñones to third
José Salazar to second
Pinch Hitting: LHB Tom Baker 0-0: Ball
1-0: SINGLE (Groundball, 34D)
Víctor Quiñones scores
José Salazar to third
Jorge Martínez to second
Runner from 3rd tries for Home, SAFE, no throw
Pitching: RHP Alfredo Ruíz
Batting: LHB Tony Tavárez 0-0: Ball
1-0: Sac Bunt - play at first, batter OUT! U3
Jorge Martínez to third
Tom Baker to second
Batting: RHB Tom Doherty 0-0: Ball
1-0: Ball
2-0: Called Strike
2-1: Called Strike
2-2: SINGLE (Groundball, 34D)
Jorge Martínez scores
Tom Baker to third
Runner from 3rd tries for Home, SAFE, no throw
Batting: RHB Buck Jones 0-0: Ball
1-0: Ball
2-0: Ball
3-0: Base on Balls
Tom Doherty to second
Batting: LHB José Sánchez 0-0: Ball
1-0: Ball
2-0: SINGLE (Line Drive, 4M)
Tom Doherty to third
Buck Jones to second
Batting: RHB Eichiro Yamamoto 0-0: Foul Ball, location: 2F
0-1: SINGLE (Groundball, 6M) (infield hit)
Tom Doherty scores
Buck Jones to third
José Sánchez to second
Batting: LHB Víctor Quiñones 0-0: Called Strike
0-1: Fielders Choice at 2nd, 3-6 (Groundball, 34)
Buck Jones scores
José Sánchez to third
Batting: RHB José Salazar 0-0: Called Strike
0-1: Ball
1-1: Swinging Strike
1-2: Fielders Choice at 2nd, 5-4 (Groundball, 56)
Top of the 9th over - 6 run(s), 6 hit(s), 0 error(s), 1 left on base; Irvine 15 - Boston 6
BOTTOM OF THE 9TH
Boston Rebels batting - Pitching for Irvine Gang Green : LHP Santiago González
Now at SS: Don Hooper
Batting: LHB Felipe Guerrero 0-0: Ball
1-0: Ball
2-0: Ball
3-0: Called Strike
3-1: Foul Ball, location: 2F
3-2: Fly out, F7 (Flyball, 7D)
Batting: LHB Arturo Molina 0-0: Foul Ball, location: 2F
0-1: SOLO HOME RUN (Flyball, 8LD), Distance : 410 ft
Batting: RHB Alberto Ramos 0-0: Ball
1-0: Called Strike
1-1: Called Strike
1-2: Foul Ball, location: 2F
1-2: Ground out 5-3 (Groundball, 56)
Batting: RHB Aaron Washington 0-0: Called Strike
0-1: Foul Ball, location: 2F
0-2: Ball
1-2: Foul Ball, location: 2F
1-2: Hit by Pitch
Batting: RHB George Reeves 0-0: Foul Ball, location: 2F
0-1: Ball
1-1: SINGLE (Groundball, 56D)
Aaron Washington to second
Batting: LHB Frank Jackson 0-0: Ball
1-0: Ball
2-0: Foul Ball, location: 2F
2-1: SINGLE (Groundball, 4MD)
Aaron Washington to third
George Reeves to second
Runner from 3rd tries for Home, SAFE, no throw
Batting: LHB Lorenzo Flores 0-0: Ball
1-0: Fly out, F8 (Flyball, 8LM)
Bottom of the 9th over - 2 run(s), 3 hit(s), 0 error(s), 2 left on base; Irvine 15 - Boston 8
Tuesday, August 8th, 2017 - OOTP Baseball 17.12 Build 75